 Dungeon Crawl Stone Soup version 0.29.0-5-ge4962eb29e (webtiles) character file.

Game seed: 15107510388777894413

37 sanka the Ruffian (level 3, -1/36 HPs)
             Began as a Troll Monk on Aug 29, 2022.
             Slain by an endoplasm (2 damage)
             ... on level 2 of the Dungeon.
             The game lasted 00:01:31 (637 turns).

sanka the Ruffian (Troll Monk)                       Turns: 637, Time: 00:01:32

Health: -1/36      AC:  4    Str: 19    XL:     3   Next: 23%
Magic:  2/2        EV: 11    Int:  6    God:
Gold:   95         SH:  0    Dex: 20    Spells: 2/2 levels left

rFire   . . .      SeeInvis .     - Unarmed
rCold   . . .      Faith    +   (no shield)
rNeg    . . .      Spirit   .   a - +0 robe
rPois   .          Reflect  .   (helmet restricted)
rElec   .          Harm     .   (no cloak)
rCorr   .          Rampage  .   (gloves unavailable)
Will    .....                   (boots unavailable)
Stlth   ++........              h - amulet of faith
HPRegen 0.92/turn               (no ring)
MPRegen 0.08/turn               k - +6 ring of dexterity

@: no status effects
A: large, unfitting armour, claws 3, regeneration 1, shaggy fur 1, tough skin 1
a: no special abilities


You were on level 2 of the Dungeon.
You visited 1 branch of the dungeon, and saw 2 of its levels.

You collected 95 gold pieces.


Innate Abilities, Weirdness & Mutations

You are too large for most types of armour.
You have claws for hands.
Your natural rate of healing is unusually fast.
You are covered in fur. (AC +1)
You have tough skin. (AC +1)


   Skills:
 - Level 2.4 Fighting
 - Level 2.4 Dodging
 - Level 1.0 Stealth
 + Level 4.4 Unarmed Combat


You had 2 spell levels left.
You didn't know any spells.
Your spell library was empty.

Inventory:

Missiles
 c - a throwing net {=f}
Armour
 a - a +0 robe (worn)
Jewellery
 h - an amulet of faith (around neck)
 k - a +6 ring of dexterity (right claw)
Scrolls
 d - a scroll of teleportation {unknown}
 f - a scroll of silence {unknown}
 g - a scroll of vulnerability {unknown}
Potions
 b - a potion of ambrosia
 e - 2 potions of might
 i - a potion of curing {unknown}
 j - a potion of brilliance {unknown}
 l - a potion of haste {unknown}

Dungeon Overview and Level Annotations

Branches:
Dungeon (2/15)

Altars:

Shops:
D:1 *

Annotations:
D:2 Sigmund

▒........▒
▒........▒
▒........▒
▒........▒
▒........▒
▒........+
▒....{...▒▒▒▒▒▒▒
▒▒▒▒'▒SJ.......▒▒▒
▒ ▒T▒▒▒▒..)...▒
▒.▒ ▒▒..▒.▒.▒
▒.▒▒▒...▒.▒
▒.<...▒▒▒.▒▒▒ ▒▒
..▒▒▒▒▒.▒.....▒..▒
........▒▒▒▒▒▒▒..▒
...▒▒▒▒.≈≈≈≈≈≈≈..▒
▒▒▒▒.▒▒▒▒▒▒▒
..▒▒.▒.....▒


You could see an adder and an endoplasm.


Message History

You closely miss Sigmund.
Sigmund is heavily wounded.
The adder bites you but does no damage.
Sigmund's eyes start glowing with a red light.
Sigmund hits you with a +0 scythe!
* * * LOW HITPOINT WARNING * * *
The endoplasm freezes you.
You are frozen.
* * * LOW HITPOINT WARNING * * *
The adder bites you.
* * * LOW HITPOINT WARNING * * *
You scratch Sigmund but do no damage.
Sigmund is heavily wounded.
The endoplasm hits you but does no damage.
Sigmund screams, "Die, monster!"
Sigmund mumbles some strange words.
Sigmund flickers and vanishes!
Deactivating autopickup; reactivate with Ctrl-A.
The adder bites you but does no damage. The endoplasm attacks as you move away!
The endoplasm hits you but does no damage.
You hear some strange, mumbled words.
Something tries to affect you, but you resist.
The endoplasm attacks as you move away! The endoplasm closely misses you.
Something hits you.
* * * LOW HITPOINT WARNING * * *
The endoplasm attacks as you move away! The endoplasm hits you.
You die...

Action                   || total
-------------------------++-------
Melee: Unarmed           ||    73
       Punch             ||     1
 Stab: Sleeping          ||     1
Armor: Robe              ||    27
Dodge: Dodged            ||    32

Levels and vault maps discovered:
D:1:      minmay_arrival_cross, layout_basic,
          hellmonk_ecumenical_altar_defaced_shrine, serial_shops,
          nicolae_shop_advertising_works [nicolae_subvault_shop_adworks],
          minmay_surrounded
D:2:      layout_basic, grunt_decor_cap, uniq_sigmund

Notes
Turn   | Place    | Note
-------+----------+-------------------------------------------
     0 | D:1      | sanka the Troll Monk began the quest for the Orb.
     0 | D:1      | Reached XP level 1. HP: 22/22 MP: 0/0
    56 | D:1      | Reached XP level 2. HP: 24/29 MP: 1/1
   176 | D:1      | Reached skill level 4 in Unarmed Combat
   335 | D:1      | Reached XP level 3. HP: 36/36 MP: 2/2
   338 | D:1      | Found a faded altar of an unknown god.
   394 | D:1      | Found Emeosm's Assorted Antiques.
   620 | D:2      | Noticed Sigmund
   633 | D:2      | HP: 2/36 [adder (4)]
   637 | D:2      | Slain by an endoplasm

Vanquished Creatures
  3 dart slugs (D:1)
  A ball python (D:1)
  4 bats (D:1)
  An endoplasm (D:1)
  A giant cockroach (D:1)
  3 goblins (D:1)
  5 hobgoblins (D:1)
  3 kobolds
  A frilled lizard (D:1)
  7 rats (D:1)
29 creatures vanquished.
